 Dungeon Crawl Stone Soup version 0.16.0-17-g811c1d7 (webtiles) character file.

1267 Siriah the Chopper (level 8, -6/70 HPs)
             Began as a Hill Orc Warper on Mar 21, 2015.
             Was an Initiate of Beogh.
             Splashed by a jelly's acid (11 damage)
             ... on level 5 of the Dungeon.
             The game lasted 00:35:50 (5225 turns).

Siriah the Chopper (Hill Orc Warper)                Turns: 5225, Time: 00:35:50

Health: -6/70      AC: -7    Str: 14    XL:     8   Next: 53%
Magic:  12/12      EV: 13    Int: 15    God:    Beogh [......]
Gold:   267        SH:  0    Dex: 10    Spells: 2 memorised, 7 levels left

rFire  . . .     SeeInvis .     a - +0 hand axe
rCold  . . .     Clarity  .     p - +0 leather armour
rNeg   . . .     SustAb   .     (no shield)
rPois  .         Gourm    .     m - +0 helmet
rElec  .         Spirit   .     (no cloak)
rCorr  .         Warding  .     B - +1 pair of gloves
rMut   .         Stasis   .     (no boots)
MR     +....                    (no amulet)
Stlth  +.........               (no ring)
                                G - ring of protection from magic

@: corroded equipment, somewhat resistant to hostile enchantments, very
unstealthy
A: no striking features
a: Renounce Religion


You were on level 5 of the Dungeon.
You worshipped Beogh.
Beogh was noncommittal.
You were not hungry.

You visited 2 branches of the dungeon, and saw 6 of its levels.

You collected 337 gold pieces.
You spent 70 gold pieces at shops.

Inventory:

Hand weapons
 a - a +0 hand axe (weapon)
 b - a +0 shortbow
 y - a +0 short sword of distortion
Missiles
 e - 5 tomahawks of dispersal (quivered)
 q - 18 arrows of flame
 C - 69 arrows
 H - 2 tomahawks
Armour
 j - a +0 ring mail
 m - a +0 helmet (worn)
 n - a +0 shield
 p - a +0 leather armour (worn)
 B - a +1 pair of gloves (worn)
 F - a +0 helmet
Jewellery
 G - a ring of protection from magic (left hand)
Magical devices
 h - a wand of random effects (0)
 o - a wand of cold (8)
 D - a wand of disintegration (16)
 K - a wand of lightning (8)
Scrolls
 d - 2 scrolls of blinking
 g - 3 scrolls of identify {unknown}
 i - a scroll of teleportation
 k - a scroll of immolation
 t - a scroll of enchant weapon {unknown}
 w - 4 scrolls of remove curse
Potions
 l - a potion of poison {unknown}
 r - 2 potions of resistance {unknown}
 v - a potion of might
 x - 2 potions of cure mutation {unknown}
 E - 3 potions of magic {unknown}
 J - a potion of restore abilities
 L - a potion of mutation {unknown}
Books
 c - a book of Spatial Translocations

   Spells                             Type                      Level
   a - Apportation                    Translocation                1
   b - Blink                          Translocation                2
   c - Shroud of Golubria             Charms/Translocation         2
   d - Portal Projectile              Translocation                3
   e - Teleport Other                 Translocation                3
   f - Passage of Golubria            Translocation                4
 A - a book of Fire

   Spells                             Type                      Level
   a - Ignite Poison                  Fire/Transmutation           5
   b - Fireball                       Conjuration/Fire             5
   c - Bolt of Fire                   Conjuration/Fire             6
   d - Delayed Fireball               Conjuration/Fire             7
   e - Ring of Flames                 Charms/Fire                  7
Comestibles
 f - 2 meat rations
 s - 2 royal jellies
 u - 3 beef jerkies
 z - 5 bread rations


   Skills:
 + Level 5.7 Fighting
 + Level 5.8 Axes
   Level 2.0(2.1) Slings
 + Level 1.7 Bows
 - Level 1.0(1.7) Throwing
 + Level 3.8 Armour
 + Level 4.9 Dodging
 + Level 1.9 Spellcasting
 + Level 3.2 Translocations


You had 7 spell levels left.
You knew the following spells:

 Your Spells              Type           Power        Failure   Level  Hunger
a - Apportation           Tloc           ##........   10%         1    ##.....
b - Blink                 Tloc           N/A          12%         2    ###....


Dungeon Overview and Level Annotations

Branches:
Dungeon (5/15)             Temple (1/1) D:5

Altars:
Ashenzari
Dithmenos
Elyvilon
Fedhas
Gozag
Kikubaaqudgha
Makhleb
Okawaru
Sif Muna
Vehumet
Xom
Yredelemnul
Zin
The Shining One

Shops:
D:5 *


Message History

The jelly is heavily wounded.
The jelly barely misses you.
You hit the jelly!
The jelly is almost dead.
The jelly barely misses you. The jelly hits you.
You are splashed with acid!
The acid corrodes your equipment!
The acid burns!
* * * LOW HITPOINT WARNING * * *
You barely miss the jelly.
The jelly is almost dead.
The jelly misses you.
You hit the jelly. The acid corrodes your equipment!
The jelly is almost dead.
The jelly hits you.
* * * LOW HITPOINT WARNING * * *
You are splashed with acid!
The acid corrodes your equipment!
The acid burns!
* * * LOW HITPOINT WARNING * * *
The jelly hits you.
* * * LOW HITPOINT WARNING * * *
You are splashed with acid!
The acid burns!
You die...

########'#.........#...##....+...
######>....#+##....+...'.....#...
'.'..'.....+ #....###.##+######.
####.#.....# ##+### #+# #####.
####'##...## #.. +.....
.+....+...+ #.# # #.....
'##+###...# #.##.##.. #.....
..........# #.J.........#.....
..........# +@# # .....##.##.
..........# #.##.##.....##+##.
..........+ #.....+......#....
..#+###...###+##.##.##......+....
.##...#........#.##.##......#....
......+.............#......##.##.
.##+###........#.##.+......##+##.
.# ##'#.<...#+##.#.........##. ..
+..+.....'....#.........+..


You could see a jelly.

Vanquished Creatures
  Eustachio (D:5)
  3 centaurs (D:3)
  A giant frog (D:3)
  6 scorpions (D:4)
  A crimson imp (D:5)
  2 hounds (D:5)
  3 orc wizards
  6 worker ants
  7 adders
  3 giant mites (D:4)
  4 worms
  4 giant geckos
  2 oozes (D:3)
  10 orcs
  2 ball pythons
  4 giant cockroaches
  4 goblins
  10 hobgoblins
  6 jackals
  4 quokkas
  15 bats
  4 giant newts
  12 kobolds
  A quokka skeleton (D:5)
  26 rats
141 creatures vanquished.

Notes
Turn   | Place    | Note
--------------------------------------------------------------
     0 | D:1      | Siriah, the Hill Orc Warper, began the quest for the Orb.
     0 | D:1      | Reached XP level 1. HP: 18/18 MP: 2/2
   164 | D:1      | Reached XP level 2. HP: 25/25 MP: 3/3
   689 | D:2      | Found a basalt altar of Yredelemnul.
   706 | D:2      | Reached skill level 3 in Translocations
   818 | D:2      | Reached XP level 3. HP: 27/30 MP: 5/5
  1393 | D:2      | Reached XP level 4. HP: 13/37 MP: 6/6
  2022 | D:3      | Noticed a giant frog
  2028 | D:3      | Killed a giant frog
  2028 | D:3      | Reached skill level 1 in Slings
  2028 | D:3      | Reached XP level 5. HP: 45/45 MP: 7/7
  2366 | D:3      | Learned a level 2 spell: Blink
  2493 | D:3      | Noticed a centaur
  2508 | D:3      | Killed a centaur
  2508 | D:3      | Reached XP level 6. HP: 23/51 MP: 9/9
  2608 | D:3      | Noticed a centaur
  2617 | D:3      | Killed a centaur
  2617 | D:3      | Reached skill level 4 in Fighting
  3014 | D:3      | Reached XP level 7. HP: 14/59 MP: 10/10
  3399 | D:4      | Found an ancient bone altar of Kikubaaqudgha.
  3450 | D:4      | Reached skill level 1 in Bows
  4038 | D:4      | Reached skill level 5 in Fighting
  4205 | D:4      | Reached skill level 5 in Axes
  4283 | D:4      | Reached XP level 8. HP: 44/68 MP: 12/12
  4397 | D:5      | Entered Level 5 of the Dungeon
  4599 | D:5      | Found a staircase to the Ecumenical Temple.
  4611 | Temple   | Entered the Ecumenical Temple
  4707 | D:5      | Noticed Eustachio
  4712 | D:5      | Found a deep blue altar of Sif Muna.
  4725 | D:5      | Killed Eustachio
  4743 | D:5      | Became a worshipper of Beogh the Brigand
  4995 | D:5      | Found Copaq's General Store.
  5024 | D:5      | Bought a potion of restore abilities for 70 gold pieces
  5225 | D:5      | Splashed by a jelly's acid

Action                   |  1- 3 |  4- 6 |  7- 9 || total
-------------------------+-------+-------+-------++-------
Melee: Hand axe          |   105 |   159 |   229 ||   493
       Unarmed           |     4 |       |       ||     4
 Fire: Hunting sling     |    19 |    35 |       ||    54
       Shortbow          |       |     5 |    14 ||    19
Throw: Stone             |    78 |       |       ||    78
 Cast: Apportation       |     1 |     1 |       ||     2
Invok: Convert to Beogh  |       |       |     1 ||     1
Evoke: Wand              |       |     1 |     4 ||     5
  Use: Potion            |       |     4 |     6 ||    10
       Scroll            |       |       |     5 ||     5
  Eat: Chunk             |     1 |     6 |     8 ||    15
